 Dungeon Crawl Stone Soup version 0.26.0-16-gc1dbca0489 (console) character file.

Game seed: 5295285695378477379

241778 Cab the Blocker (level 19, -7/136 HPs)
             Began as a Gnoll Fighter on Jan 20, 2021.
             Was the Champion of Hepliaklqana.
             Killed from afar by a titan (43 damage)
             ... with a bolt of lightning
             ... on level 3 of the Vaults on Jan 21, 2021.
             The game lasted 04:08:59 (45114 turns).

Cab the Blocker (Gnoll Fighter)                    Turns: 45114, Time: 04:09:00

Health: -7/136     AC: 35    Str: 26    XL:     19   Next: 82%
Magic:  0/36       EV: 17    Int: 18    God:    Hepliaklqana [******]
Gold:   1432       SH: 15    Dex: 16    Spells: 26/44 levels left

rFire    + + .     SeeInvis .   a - +5 hand axe "Utuiw" {elec, rPois Int+4}
rCold    + + .     Faith    .   Z - +1 kite shield {reflect}
rNeg     . . .     Spirit   +   W - +5 chain mail {rC+}
rPois    +         Reflect  +   M - +2 hat {Will+}
rElec    .         Harm     .   A - +2 cloak {Will+}
rCorr    .         Rampage  .   f - +2 pair of gloves
Will     +++..                  F - +2 pair of boots
Stlth    +.........             L - amulet of guardian spirit
HPRegen  0.32/turn              K - ring "Jyocawn" {rF++ rC+ Stlth-}
MPRegen  0.25/turn              b - ring of Zin's Approval {+Fly AC+4 Str+4}

@: no status effects
A: distributed training, reduced essence, fangs 1, strong nose
}: 1/15 runes: decaying
a: Renounce Religion, Evoke Flight, Recall Ancestor, Ancestor Identity,
Transference, Idealise


You were on level 3 of the Vaults.
You worshipped Hepliaklqana.
Hepliaklqana was exalted by your worship.
You visited 7 branches of the dungeon, and saw 34 of its levels.
You visited 2 bazaars.
You also visited: Sewer.

You collected 3426 gold pieces.
You spent 1994 gold pieces at shops.

Inventory:

Hand Weapons
 a - the +5 hand axe "Utuiw" (weapon) {elec, rPois Int+4}
   (You found it on level 11 of the Dungeon)

   Occasionally, upon striking a foe, it can discharge electrical energy and
   cause terrible harm.
   It affects your intelligence (+4).
   It protects you from poison.
Armour
 f - a +2 pair of gloves (worn)
 A - a +2 cloak of willpower (worn)
 F - a +2 pair of boots (worn)
 M - a +2 hat of willpower (worn)
 W - a +5 chain mail of cold resistance (worn)
 Z - a +1 kite shield of reflection (worn)
Jewellery
 b - the ring of Zin's Approval (right hand) {+Fly AC+4 Str+4}
   (You bought it in a shop in a bazaar)

   [ring of protection]

   It affects your AC (+4).
   It affects your strength (+4).
   It lets you fly.
 p - an uncursed ring of resist corrosion
 q - the ring "Raepp" {Fire Int+2}
   (You took it off a spriggan on level 4 of the Swamp)

   [ring of fire]

   It enhances your fire magic.
   It affects your intelligence (+2).
   It protects you from fire.
   It makes you vulnerable to cold.
 x - an uncursed ring of poison resistance
 D - an uncursed ring of flight
 J - an uncursed ring of positive energy
 K - the ring "Jyocawn" (left hand) {rF++ rC+ Stlth-}
   (You bought it in a shop on level 2 of the Orcish Mines)

   [ring of attention]

   It greatly protects you from fire.
   It protects you from cold.
   It makes you less stealthy.
 L - an amulet of guardian spirit (around neck)
 S - an uncursed amulet of magic regeneration
Wands
 d - a wand of flame (47)
 n - a wand of enslavement (7)
 u - a wand of random effects (19)
 G - a wand of polymorph (12)
 I - a wand of paralysis (55)
 N - a wand of iceblast (8)
 P - a wand of acid (3)
 R - a wand of digging (4)
Scrolls
 g - 2 scrolls of teleportation
 h - 21 scrolls of remove curse
 i - 4 scrolls of fear
 k - 5 scrolls of magic mapping
 w - 2 scrolls of fog
 y - 7 scrolls of immolation
 z - 2 scrolls of blinking
 E - 6 scrolls of identify
 H - 4 scrolls of amnesia
 Q - 3 scrolls of noise
 T - a scroll of summoning
 X - a scroll of holy word
Potions
 c - 4 potions of heal wounds
 e - 4 potions of mutation
 j - 2 potions of invisibility
 l - 6 potions of ambrosia
 m - 10 potions of curing
 o - 2 potions of brilliance
 r - 5 potions of flight
 s - a potion of cancellation
 t - 4 potions of magic
 v - 6 potions of haste
 B - a potion of resistance
 C - a potion of might
Miscellaneous
 O - a tin of tremorstones (2/2)
 V - a condenser vane
 Y - a phantom mirror


   Skills:
 + Level 14.2 Fighting
 + Level 13.0 Short Blades
 + Level 13.0 Long Blades
 + Level 13.6 Axes
 + Level 13.0 Maces & Flails
 + Level 13.0 Polearms
 + Level 13.0 Staves
 + Level 13.0 Slings
 + Level 13.0 Bows
 + Level 13.0 Crossbows
 + Level 13.0 Throwing
 + Level 14.2 Armour
 + Level 13.0 Dodging
 + Level 13.0 Stealth
 + Level 14.2 Shields
 + Level 13.0 Unarmed Combat
 + Level 13.0 Spellcasting
 + Level 11.2 Conjurations
 + Level 11.2 Hexes
 + Level 11.2 Summonings
 + Level 11.2 Necromancy
 + Level 11.2 Translocations
 + Level 11.2 Transmutations
 + Level 11.2 Fire Magic
 + Level 11.2 Ice Magic
 + Level 11.2 Air Magic
 + Level 11.2 Earth Magic
 + Level 11.2 Poison Magic
 + Level 14.0 Invocations
 + Level 13.0 Evocations


You had 26 spell levels left.
You knew the following spells:

 Your Spells              Type           Power        Failure   Level
a - Pain                  Necr           100%         1%          1
b - Slow                  Hex            51%          1%          2
c - Blink                 Tloc           N/A          1%          2
d - Mephitic Cloud        Conj/Pois/Air  51%          1%          3
e - Agony                 Necr           51%          7%          5
f - Lightning Bolt        Conj/Air       25%          7%          5

Your spell library contained the following spells:

 Spells                   Type           Power        Failure   Level
 Animate Skeleton         Necr           100%         1%          1
 Apportation              Tloc           100%         1%          1
 Beastly Appendage        Tmut           100%         1%          1
 Corona                   Hex            56%          1%          1
 Freeze                   Ice            100%         1%          1
 Magic Dart               Conj           100%         1%          1
 Shock                    Conj/Air       100%         1%          1
 Summon Small Mammal      Summ           100%         1%          1
 Call Imp                 Summ           51%          1%          2
 Corpse Rot               Necr/Air       N/A          1%          2
 Searing Ray              Conj           100%         1%          2
 Sublimation of Blood     Necr           25%          1%          2
 Swiftness                Air            51%          1%          2
 Wereblood                Tmut           51%          1%          2
 Conjure Flame            Conj/Fire      51%          1%          3
 Dazzling Flash           Conj/Hex       100%         1%          3
 Frozen Ramparts          Ice            100%         1%          3
 Ignite Poison            Fire/Tmut/Pois 51%          1%          3
 Inner Flame              Hex/Fire       51%          1%          3
 Ozocubu's Armour         Ice            51%          1%          3
 Portal Projectile        Hex/Tloc       100%         1%          3
 Spider Form              Tmut/Pois      25%          1%          3
 Static Discharge         Conj/Air       51%          1%          3
 Stone Arrow              Conj/Erth      100%         1%          3
 Vampiric Draining        Necr           25%          1%          3
 Airstrike                Air            25%          2%          4
 Animate Dead             Necr           25%          2%          4
 Cause Fear               Hex            25%          2%          4
 Fulminant Prism          Conj/Hex       25%          2%          4
 Hailstorm                Conj/Ice       51%          2%          4
 Ice Form                 Ice/Tmut       51%          2%          4
 Iskenderun's Mystic Bla  Conj/Tloc      51%          2%          4
 Leda's Liquefaction      Hex/Erth       25%          2%          4
 Petrify                  Tmut/Erth      51%          2%          4
 Summon Ice Beast         Ice/Summ       51%          2%          4
 Alistair's Intoxication  Tmut/Pois      34%          7%          5
 Blade Hands              Tmut           25%          7%          5
 Irradiate                Conj/Tmut      25%          7%          5
 Summon Forest            Summ/Tloc      25%          7%          5
 Eringya's Noxious Bog    Tmut/Pois      25%          36%         6
 Hydra Form               Tmut           25%          36%         6
 Summon Hydra             Summ           25%          91%         7


Dungeon Overview and Level Annotations

Branches:
Dungeon (15/15)            Temple (1/1) D:4            Lair (6/6) D:8
  Swamp (4/4) Lair:3        Snake (0/4) Lair:2        Slime (0/5) Lair:6
    Orc (2/2) D:10            Elf (2/3) Orc:2        Vaults (4/5) D:13
  Crypt (0/3) Vaults:2     Depths (0/5) D:15          Sewer (visited)

Altars:
Ashenzari
Cheibriados
Dithmenos
Elyvilon
Fedhas
Gozag
Hepliaklqana
Kikubaaqudgha
Makhleb
Nemelex Xobeh
Okawaru
Qazlal
Ru
Sif Muna
Trog
Uskayaw
Vehumet
Wu Jian
Xom
Yredelemnul
Zin
The Shining One
Beogh

Shops:
D:6 ([:   D:8 ::   D:12 ?   D:13 *   Orc:2 [=*(?   Elf:1 }[}!*   Elf:2 *
Vaults:4 *

Portals:
Trove: Vaults:1 (give 6 potions of haste)

Annotations:
Lair:2 exclusion: oklob plant
Swamp:3 Roxanne
Swamp:4 Mara
Vaults:4 3 runed translucent doors, exclusion: obsidian statue, christhawk's ghost, adept MiHu


Innate Abilities, Weirdness & Mutations

Your experience applies equally to all skills.
You have very sharp teeth.
Your uncanny sense of smell can sniff out nearby items.
Your life essence is reduced to manifest your ancestor. (-10% HP)


Message History

The titan is severely wounded.
The titan gestures wildly while chanting.
The titan is healed somewhat.
You hit the titan.
The titan is heavily wounded.
You slash the titan! You bite the titan, but do no damage.
The titan is severely wounded.
The titan points at you and mumbles some strange words.
The bolt of lightning hits you!!!
You barely miss the titan. You bite the titan, but do no damage.
The titan is severely wounded.
You block the titan's attack.
You hit the titan but do no damage.
The titan is severely wounded.
Your chain mail prevents you from hitting the titan.
You bite the titan, but do no damage.
The titan is severely wounded.
The titan gestures at you while chanting.
The bolt of lightning hits you!!!
You die...

▒∙▒▒▒▒▒'▒▒▒∙▒∙∙∙∙∙
▒∙▒∙∙∙∙∙)∙▒∙▒∙∙∙∙∙
▒(▒∙▒▒▒▒▒∙▒∙▒[∙∙∙∙
▒∙▒∙▒∙∙∙▒[▒∙▒∙∙∙∙▒
▒(▒∙▒∙∙∙▒)▒∙▒∙)∙∙▒
▒)▒∙▒∙∙∙'∙▒∙▒∙∙∙∙▒
▒▒▒▒▒▒▒▒▒▒(▒∙▒▒▒▒▒∙▒∙▒∙∙∙∙▒
∙∙∙∙∙∙∙∙∙▒R▒∙∙∙∙∙∙∙▒∙'∙∙∙∙▒
∙∙∙∙∙∙∙∙∙▒@▒▒▒▒▒▒▒▒▒(▒∙∙∙∙▒
∙∙∙∙∙∙∙∙∙C^(∙∙∙∙∙∙∙∙∙▒∙∙∙∙▒
∙∙∙∙∙∙∙∙∙▒▒▒▒▒▒▒▒▒▒▒▒▒∙∙∙∙▒
∙∙∙∙∙∙∙∙∙▒ ▒∙∙∙∙▒
∙∙∙∙∙∙∙∙∙▒ ▒∙∙∙∙▒
▒▒▒▒▒▒▒▒▒'▒▒▒▒▒ ▒ ▒∙∙∙∙▒
▒∙∙∙∙∙∙∙∙∙∙∙∙∙▒∙∙ ∙∙∙∙▒
▒∙∙∙∙∙∙∙∙∙∙∙∙∙'∙∙ ▒
▒∙∙∙∙∙∙∙∙∙∙∙∙∙▒∙∙ ▒▒


You could see the friendly Beldrama the hexer and a titan.

Vanquished Creatures
  Gastronok (Lair:1)
  Donald (Swamp:3)
  2 thorn hunters
  9 vault wardens
  A deep elf sorcerer (Elf:2)
  An orc warlord (Orc:2)
  2 ironheart preservers
  A ghoul (Vaults:3)
  3 stone giants
  A bunyip (Swamp:3)
  2 entropy weavers (Vaults:1)
  An eleionoma (Swamp:2)
  A shambling mangrove (Swamp:2)
  An ettin (Vaults:2)
  A fire dragon (Vaults:2)
  9 hydras
  2 great orbs of eyes (Vaults:3)
  A yaktaur captain (D:15)
  An ice dragon (Vaults:1)
  14 vault guards
  5 boulder beetles
  2 catoblepae (Lair:6)
  Erolcha (Orc:2)
  A ghost crab (Swamp:1)
  8 centaur warriors
  10 dancing weapons
  3 death knights
  19 two-headed ogres
  13 death yaks
  8 ogre magi
  An orc high priest (Elf:2)
  6 alligators
  2 tengu warriors
  7 deep elf knights
  3 goliath frogs
  A shadow wraith (Vaults:2)
  5 skeletal warriors (Vaults:2)
  2 spriggan druids
  A glowing orange brain (Vaults:2)
  11 swamp dragons
  An unseen horror (D:13)
  Pikel (D:4)
  10 deep elf archers
  A wizard (D:13)
  3 lindwurms (Swamp:4)
  20 orc knights
  A harpy (shapeshifter) (D:15)
  15 ironbrand convokers
  A necromancer (Vaults:1)
  A wolf spider zombie (D:14)
  2 phantasmal warriors
  2 wolf spiders
  33 deep elf magi
  30 ugly things
  4 cyclopes
  A will-o-the-wisp (Swamp:4)
  5 orc sorcerers
  3 manticores
  A manticore (shapeshifter) (Elf:1)
  6 elephants
  2 centaur zombies
  Psyche (D:10)
  7 black mambas
  2 gargoyles
  11 cane toads
  7 vault sentinels
  Maggie (D:8)
  4 komodo dragons
  13 yaktaurs
  3 tengu conjurers
  A polar bear (Lair:4)
  6 trolls
  10 hornets
  A hornet (shapeshifter) (D:14)
  Grinder (Sewer)
  7 tyrant leeches
  10 slime creatures
  11 blink frogs
  5 dream sheep (Lair:6)
  Sigmund (D:4)
  A fire giant simulacrum (Vaults:1)
  An air elemental (Elf:1)
  6 wyverns
  A redback (Vaults:1)
  5 spriggans
  A fire elemental (Elf:1)
  A water elemental (Elf:1)
  7 wraiths
  2 basilisks
  70 yaks
  A golden eye (shapeshifter) (Vaults:2)
  7 vampire mosquitoes
  A soldier ant (shapeshifter) (Vaults:2)
  11 wargs
  14 swamp worms
  An acid dragon (Vaults:2)
  5 swamp drakes (Swamp:4)
  A meliai simulacrum (D:14)
  9 water moccasins
  3 ice beasts
  44 orc warriors
  A necrophage (Sewer)
  A sky beast (D:9)
  A black bear (D:13)
  A phantom (D:13)
  An ice dragon simulacrum (Vaults:1)
  A human zombie (Vaults:1)
  4 wolves (Lair:6)
  20 ogres
  9 boggarts
  25 centaurs
  A lemure (D:4)
  An orc skeleton (Vaults:1)
  6 big kobolds
  A gnoll sergeant (D:8)
  9 bullfrogs
  A wyvern skeleton (D:12)
  6 earth elementals
  2 scorpions
  2 hexers
  A water moccasin skeleton (D:4)
  10 killer bees
  7 wights
  4 electric eels
  2 howler monkeys (D:11)
  2 bullfrog zombies
  A quasit (D:11)
  A gnoll shaman (Orc:1)
  A human simulacrum (Vaults:1)
  16 orc priests
  A bullfrog skeleton (D:9)
  14 jellies
  Crazy Yiuf (D:3)
  6 hounds
  26 orc wizards
  4 iguanas
  Jessica (D:3)
  9 centaur skeletons
  8 worker ants
  Natasha (twice) (D:3)
  4 big kobold zombies (Sewer)
  A hound skeleton (D:10)
  10 gnolls
  16 adders
  A howler monkey skeleton (D:7)
  3 shadow imps (Sewer)
  3 white imps
  3 ufetubi (Sewer)
  3 oozes
  3 adder skeletons
  3 worms
  3 dart slugs (D:1)
  5 leopard geckos
  97 orcs
  3 ball pythons
  8 bats
  7 giant cockroaches
  9 goblins
  6 hobgoblins
  3 jackals (D:3)
  5 quokkas
  5 frilled lizards
  51 kobolds
  2 rats (D:2)
  2 briar patches (Swamp:3)
  A bush (Elf:2)
1068 creatures vanquished.

Vanquished Creatures (collateral kills)
  An orc warlord (Orc:1)
  An eleionoma (Swamp:2)
  A deep elf death mage (Elf:1)
  An ice dragon (Vaults:3)
  A vault guard (Vaults:2)
  3 hydras
  Fannar (Lair:1)
  A boulder beetle (Vaults:3)
  2 centaur warriors
  An alligator (Swamp:3)
  6 two-headed ogres
  A dancing weapon (Elf:1)
  Erica (D:8)
  A catoblepas (Lair:6)
  A two-headed ogre (shapeshifter) (Vaults:2)
  A tengu warrior (D:15)
  2 death yaks (Lair:6)
  A deep elf knight (Elf:2)
  Urug (Lair:1)
  A goliath frog (Swamp:2)
  A swamp dragon (Swamp:3)
  2 unseen horrors
  3 deep elf archers
  An orc knight (Vaults:1)
  2 will-o-the-wisps
  3 deep elf magi (Elf:1)
  4 ugly things
  A cyclops (D:11)
  An elephant (Lair:6)
  A black mamba (Lair:6)
  5 cane toads
  A rime drake (Lair:1)
  2 yaktaurs (Vaults:3)
  2 komodo dragons
  A kobold demonologist (D:14)
  3 trolls
  A hornet (Swamp:2)
  6 slime creatures
  3 blink frogs
  A meliai zombie (D:14)
  A water elemental (Elf:1)
  A shadow (D:14)
  A wyvern (Lair:3)
  A redback (Vaults:1)
  12 yaks
  A basilisk (Lair:6)
  2 vampire mosquitoes (Lair:3)
  6 swamp worms
  A warg (Orc:2)
  A water moccasin (Lair:2)
  A soldier ant (shapeshifter) (Vaults:1)
  3 sky beasts
  7 orc warriors
  A hornet zombie (D:12)
  A swamp drake (Swamp:4)
  An eye of draining (D:12)
  4 centaurs
  A wolf (Lair:6)
  A boggart (Vaults:2)
  2 ogres
  11 bullfrogs
  A killer bee (D:11)
  An electric eel (Lair:2)
  2 wights (D:9)
  A howler monkey (D:11)
  3 orc priests
  2 hounds
  4 jellies
  A centaur skeleton (D:11)
  3 orc wizards
  Ijyb (D:4)
  An iguana (D:7)
  3 worker ants
  2 gnolls
  An adder (Lair:2)
  An ooze (D:6)
  A dart slug (D:5)
  A leopard gecko (D:7)
  7 orcs
  9 kobolds
178 creatures vanquished.

Vanquished Creatures (others)
  A dancing weapon (Elf:1)
  A deep elf knight (Elf:2)
  A deep elf archer (Elf:2)
  A will-o-the-wisp (Swamp:2)
  2 bloated husks
  A tyrant leech (Swamp:2)
  A boggart (Vaults:1)
  49 hexers
  6 briar patches
  24 foxfires
  50 fungi
  105 plants
242 creatures vanquished.

Grand Total: 1488 creatures vanquished

Notes
Turn   | Place    | Note
-------+----------+-------------------------------------------
     0 | D:1      | Cab the Gnoll Fighter began the quest for the Orb.
     0 | D:1      | Reached XP level 1. HP: 23/23 MP: 1/1
   134 | D:1      | Reached XP level 2. HP: 29/29 MP: 2/2
   405 | D:1      | Reached XP level 3. HP: 33/35 MP: 3/3
   951 | D:2      | Reached skill level 1 in Invocations
  1080 | D:2      | Reached skill level 1 in Short Blades
  1080 | D:2      | Reached skill level 1 in Long Blades
  1080 | D:2      | Reached skill level 1 in Maces & Flails
  1080 | D:2      | Reached skill level 1 in Polearms
  1080 | D:2      | Reached skill level 1 in Staves
  1080 | D:2      | Reached skill level 1 in Slings
  1080 | D:2      | Reached skill level 1 in Bows
  1080 | D:2      | Reached skill level 1 in Crossbows
  1080 | D:2      | Reached skill level 1 in Throwing
  1080 | D:2      | Reached skill level 1 in Dodging
  1080 | D:2      | Reached skill level 1 in Stealth
  1080 | D:2      | Reached skill level 1 in Unarmed Combat
  1080 | D:2      | Reached skill level 1 in Spellcasting
  1080 | D:2      | Reached skill level 1 in Evocations
  1153 | D:2      | Reached XP level 4. HP: 41/41 MP: 5/5
  1620 | D:3      | Reached skill level 1 in Conjurations
  1620 | D:3      | Reached skill level 1 in Hexes
  1620 | D:3      | Reached skill level 1 in Summonings
  1620 | D:3      | Reached skill level 1 in Necromancy
  1620 | D:3      | Reached skill level 1 in Translocations
  1620 | D:3      | Reached skill level 1 in Transmutations
  1620 | D:3      | Reached skill level 1 in Fire Magic
  1620 | D:3      | Reached skill level 1 in Ice Magic
  1620 | D:3      | Reached skill level 1 in Air Magic
  1620 | D:3      | Reached skill level 1 in Earth Magic
  1620 | D:3      | Reached skill level 1 in Poison Magic
  1715 | D:3      | Noticed Natasha
  1718 | D:3      | Killed Natasha
  1719 | D:3      | Reached XP level 5. HP: 39/47 MP: 5/7
  1897 | D:3      | Found a runed translucent door.
  1898 | D:3      | Noticed Crazy Yiuf
  1908 | D:3      | Paralysed by Crazy Yiuf for 7 turns
  1915 | D:3      | Killed Crazy Yiuf
  2074 | D:3      | Noticed Jessica
  2102 | D:3      | Killed Jessica
  2103 | D:3      | Reached XP level 6. HP: 31/53 MP: 8/8
  2297 | D:3      | Noticed Natasha
  2307 | D:3      | Killed Natasha
  2377 | D:4      | Found an iron altar of Okawaru.
  2377 | D:4      | Noticed Sigmund
  2397 | D:4      | Killed Sigmund
  2398 | D:4      | Reached skill level 5 in Axes
  2398 | D:4      | Reached XP level 7. HP: 50/59 MP: 8/10
  2664 | D:4      | Found a glowing drain.
  2681 | Sewer    | Entered a sewer
  2861 | Sewer    | Found an ancient bone altar of Kikubaaqudgha.
  2912 | Sewer    | Reached XP level 8. HP: 60/67 MP: 12/12
  2944 | Sewer    | Noticed Grinder
  2981 | Sewer    | Paralysed by Grinder for 3 turns
  2984 | Sewer    | Killed Grinder
  3132 | D:4      | Found a staircase to the Ecumenical Temple.
  3135 | D:4      | Noticed Pikel
  3185 | D:4      | Killed Pikel
  3186 | D:4      | Reached XP level 9. HP: 34/73 MP: 12/14
  3204 | Temple   | Entered the Ecumenical Temple
  3382 | Temple   | Became a worshipper of Hepliaklqana the Forgotten
  3568 | D:4      | Noticed Ijyb
  3575 | D:4      | Killed Ijyb
  3599 | D:4      | Found Kamu's Assorted Antiques.
  3868 | D:5      | Entered Level 5 of the Dungeon
  3900 | D:5      | Found a bloodstained altar of Trog.
  3928 | D:5      | Reached * piety under Hepliaklqana
  4491 | D:6      | Found a sparkling altar of Nemelex Xobeh.
  4660 | D:6      | Reached ** piety under Hepliaklqana
  4661 | D:6      | Remembered your ancestor Beldrama as a hexer
  4689 | D:6      | Found Omelaog's Antique Armour Boutique.
  4767 | D:6      | Found Joqohuwa's Antique Weapon Boutique.
  4796 | D:6      | Found Tuicaiqacze's Book Boutique.
  4863 | D:6      | Found Xoakk's Antique Weapon Shop.
  5178 | D:7      | Found an ornate altar of the Wu Jian Council.
  5730 | D:8      | Noticed Erica
  5967 | D:8      | Killed Erica
  5968 | D:8      | Reached skill level 5 in Invocations
  5968 | D:8      | Reached XP level 10. HP: 72/72 MP: 15/17
  6000 | D:8      | Noticed Maggie
  6006 | D:8      | Killed Maggie
  6007 | D:8      | Reached skill level 5 in Short Blades
  6007 | D:8      | Reached skill level 5 in Long Blades
  6007 | D:8      | Reached skill level 5 in Maces & Flails
  6007 | D:8      | Reached skill level 5 in Polearms
  6007 | D:8      | Reached skill level 5 in Staves
  6007 | D:8      | Reached skill level 5 in Slings
  6007 | D:8      | Reached skill level 5 in Bows
  6007 | D:8      | Reached skill level 5 in Crossbows
  6007 | D:8      | Reached skill level 5 in Throwing
  6007 | D:8      | Reached skill level 5 in Dodging
  6007 | D:8      | Reached skill level 5 in Stealth
  6007 | D:8      | Reached skill level 5 in Unarmed Combat
  6007 | D:8      | Reached skill level 5 in Spellcasting
  6007 | D:8      | Reached skill level 5 in Evocations
  6075 | D:8      | Found a staircase to the Lair.
  6134 | D:8      | Found Plog's Book Emporium.
  6185 | D:8      | Learned a level 1 spell: Pain
  6188 | D:8      | Learned a level 2 spell: Slow
  6502 | D:8      | Reached *** piety under Hepliaklqana
  6539 | D:8      | Found Kytic's Book Emporium.
  6638 | D:8      | Noticed a two-headed ogre
  6661 | D:8      | Killed a two-headed ogre
  7402 | D:9      | Learned a level 2 spell: Blink
  7406 | D:9      | Learned a level 3 spell: Mephitic Cloud
  7525 | D:9      | Reached **** piety under Hepliaklqana
  7530 | D:9      | Found a shadowy altar of Dithmenos.
  7530 | D:9      | Found an opulent altar of Gozag.
  7531 | D:9      | Found a hide-covered altar of Uskayaw.
  7535 | D:9      | Reached XP level 11. HP: 68/78 MP: 19/19
  7964 | Lair:1   | Entered Level 1 of the Lair of Beasts
  8008 | Lair:1   | Noticed Gastronok
  8029 | Lair:1   | Killed Gastronok
  8030 | Lair:1   | Reached skill level 5 in Conjurations
  8030 | Lair:1   | Reached skill level 5 in Hexes
  8030 | Lair:1   | Reached skill level 5 in Summonings
  8030 | Lair:1   | Reached skill level 5 in Necromancy
  8030 | Lair:1   | Reached skill level 5 in Translocations
  8030 | Lair:1   | Reached skill level 5 in Transmutations
  8030 | Lair:1   | Reached skill level 5 in Fire Magic
  8030 | Lair:1   | Reached skill level 5 in Ice Magic
  8030 | Lair:1   | Reached skill level 5 in Air Magic
  8030 | Lair:1   | Reached skill level 5 in Earth Magic
  8030 | Lair:1   | Reached skill level 5 in Poison Magic
  8162 | Lair:1   | Noticed Fannar
  8202 | Lair:1   | Killed Fannar
  9157 | Lair:1   | Noticed Urug
  9178 | Lair:1   | Killed Urug
  9397 | Lair:2   | Reached ***** piety under Hepliaklqana
  9987 | Lair:2   | Reached XP level 12. HP: 60/86 MP: 22/22
  9998 | Lair:2   | Got a warped flail
  9999 | Lair:2   | Identified the cursed +1 flail of Renosud {protect, rPois
                  | rF+ Dex+3} (You found it on level 2 of the Lair of Beasts)
 10126 | Lair:2   | Found a staircase to the Snake Pit.
 10977 | Lair:3   | Found a staircase to the Swamp.
 11270 | Lair:3   | Noticed a death yak
 11272 | Lair:3   | Noticed a death yak
 11272 | Lair:3   | Noticed a death yak
 11272 | Lair:3   | Noticed a death yak
 11272 | Lair:3   | Noticed a death yak
 11279 | Lair:3   | Noticed a death yak
 11309 | Lair:3   | Killed a death yak
 11310 | Lair:3   | Killed a death yak
 11897 | Lair:4   | Noticed a six-headed hydra
 11911 | Lair:4   | Killed a six-headed hydra
 12458 | Lair:4   | Reached skill level 10 in Fighting
 12458 | Lair:4   | Reached skill level 10 in Armour
 12458 | Lair:4   | Reached skill level 10 in Shields
 13092 | Lair:5   | Noticed an eight-headed hydra
 13126 | Lair:5   | Reached XP level 13. HP: 31/92 MP: 21/24
 13455 | D:10     | Entered Level 10 of the Dungeon
 13920 | D:10     | Reached ****** piety under Hepliaklqana
 14011 | D:10     | Noticed Psyche
 14031 | D:10     | Killed Psyche
 14258 | D:10     | Found a staircase to the Orcish Mines.
 14298 | Orc:1    | Entered Level 1 of the Orcish Mines
 14475 | Orc:2    | Entered Level 2 of the Orcish Mines
 16180 | D:11     | Got a twisted hand axe
 16181 | D:11     | Identified the +5 hand axe "Utuiw" {elec, rPois Int+4} (You
                  | found it on level 11 of the Dungeon)
 16800 | D:12     | Found Edom Wym's Magic Scroll Shop.
 18674 | Lair:5   | Learned a level 5 spell: Agony
 18694 | Lair:5   | Reached XP level 14. HP: 99/99 MP: 26/26
 18946 | Lair:5   | Reached skill level 10 in Axes
 19378 | Lair:6   | Entered Level 6 of the Lair of Beasts
 19976 | Lair:6   | Reached skill level 10 in Invocations
 20065 | Lair:6   | Found a staircase to the Slime Pits.
 21285 | Lair:6   | Reached XP level 15. HP: 107/107 MP: 22/28
 21909 | Orc:1    | Noticed an orc warlord
 21954 | Orc:1    | Killed an orc warlord
 22647 | Orc:2    | Noticed Erolcha
 22658 | Orc:2    | Killed Erolcha
 23059 | Orc:2    | Found a staircase to the Elven Halls.
 23207 | Orc:2    | Reached skill level 10 in Short Blades
 23207 | Orc:2    | Reached skill level 10 in Long Blades
 23207 | Orc:2    | Reached skill level 10 in Maces & Flails
 23207 | Orc:2    | Reached skill level 10 in Polearms
 23207 | Orc:2    | Reached skill level 10 in Staves
 23207 | Orc:2    | Reached skill level 10 in Slings
 23207 | Orc:2    | Reached skill level 10 in Bows
 23207 | Orc:2    | Reached skill level 10 in Crossbows
 23207 | Orc:2    | Reached skill level 10 in Throwing
 23207 | Orc:2    | Reached skill level 10 in Dodging
 23207 | Orc:2    | Reached skill level 10 in Stealth
 23207 | Orc:2    | Reached skill level 10 in Unarmed Combat
 23207 | Orc:2    | Reached skill level 10 in Spellcasting
 23207 | Orc:2    | Reached skill level 10 in Evocations
 23241 | Orc:2    | Found a roughly hewn altar of Beogh.
 23248 | Orc:2    | Found Syatwast's Magic Scroll Emporium.
 23254 | Orc:2    | Found Lowkour's Weapon Boutique.
 23456 | Orc:2    | Found Kywusar's General Store.
 23469 | Orc:2    | Found Nos Apt's Jewellery Boutique.
 23485 | Orc:2    | Noticed an orc warlord
 23862 | Orc:2    | Killed an orc warlord
 24170 | Orc:2    | Bought the ring "Jyocawn" {rF++ rC+ Stlth-} for 507 gold
                  | pieces
 24262 | Orc:2    | Found Ippees's Armour Shoppe.
 24572 | Swamp:1  | Entered Level 1 of the Swamp
 27093 | Swamp:3  | Noticed Donald
 27106 | Swamp:3  | Killed Donald
 27928 | Swamp:3  | Reached XP level 16. HP: 94/114 MP: 25/30
 28601 | Swamp:3  | Identified Roxanne's Incunabulum of Transmigration
 28601 | Swamp:3  | Noticed Roxanne
 28602 | Swamp:3  | Noticed a thorn hunter
 28658 | Swamp:3  | Killed a thorn hunter
 28685 | Swamp:4  | Entered Level 4 of the Swamp
 29338 | Swamp:4  | Noticed a thorn hunter
 29363 | Swamp:4  | Killed a thorn hunter
 29381 | Swamp:4  | Identified the ring "Raepp" {Fire Int+2}
 29935 | Swamp:4  | Noticed Mara
 29940 | Swamp:4  | Noticed Cab's illusion
 30339 | Swamp:4  | Got a decaying rune of Zot
 30808 | D:13     | Found a sacrificial altar of Ru.
 31734 | D:13     | Found Dolougg's General Store.
 31868 | D:13     | Found a gate to the Vaults.
 31917 | Vaults:1 | Entered Level 1 of the Vaults
 32029 | Vaults:1 | Reached XP level 17. HP: 119/121 MP: 30/32
 32570 | Elf:1    | Entered Level 1 of the Elven Halls
 32613 | Elf:1    | Found a radiant altar of Vehumet.
 33537 | Elf:1    | Found Lef Muar's General Store.
 33576 | Elf:1    | Bought a potion of haste for 180 gold pieces
 33680 | Elf:1    | Found Voenkiom's Distillery.
 33814 | Elf:1    | Bought a potion of heal wounds for 50 gold pieces
 33823 | Elf:1    | Found Luadgh's Armour Boutique.
 33835 | Elf:1    | Found Oluwnas's Gadget Boutique.
 34767 | Elf:1    | Found Viatuw's Gadget Shoppe.
 35066 | Elf:2    | Reached skill level 10 in Conjurations
 35066 | Elf:2    | Reached skill level 10 in Hexes
 35066 | Elf:2    | Reached skill level 10 in Summonings
 35066 | Elf:2    | Reached skill level 10 in Necromancy
 35066 | Elf:2    | Reached skill level 10 in Translocations
 35066 | Elf:2    | Reached skill level 10 in Transmutations
 35066 | Elf:2    | Reached skill level 10 in Fire Magic
 35066 | Elf:2    | Reached skill level 10 in Ice Magic
 35066 | Elf:2    | Reached skill level 10 in Air Magic
 35066 | Elf:2    | Reached skill level 10 in Earth Magic
 35066 | Elf:2    | Reached skill level 10 in Poison Magic
 35168 | Elf:2    | Found Feddiomm's General Store.
 35205 | Elf:2    | Bought a potion of haste for 170 gold pieces
 35205 | Elf:2    | Bought a potion of heal wounds for 85 gold pieces
 35757 | Elf:2    | Found a runed translucent gate.
 35757 | Elf:2    | Found a runed translucent gate.
 35758 | Elf:2    | Found a runed translucent gate.
 35917 | Elf:2    | Noticed a deep elf blademaster
 36680 | Vaults:1 | You fall into a shaft and drop 1 floor!
 36829 | Vaults:2 | Reached XP level 18. HP: 36/128 MP: 8/33
 38096 | Vaults:1 | Found a portal to a secret trove of treasure.
 39211 | D:14     | Found a flickering gateway to a bazaar.
 39301 | Bazaar   | Entered a bazaar
 39315 | Bazaar   | Found Obequnukk's Distillery.
 39350 | Bazaar   | Found Yklihur's Weapon Emporium.
 39350 | Bazaar   | Found Melehas's Armour Shoppe.
 39372 | Bazaar   | Found Neaniepn's Distillery.
 39395 | Bazaar   | Found Gaod's Jewellery Emporium.
 39395 | Bazaar   | Found Degeqies's General Store.
 39444 | Bazaar   | Bought a potion of haste for 150 gold pieces
 39493 | Bazaar   | Bought a potion of haste for 130 gold pieces
 39530 | Bazaar   | Bought a potion of heal wounds for 50 gold pieces
 39530 | Bazaar   | Bought a potion of curing for 30 gold pieces
 39557 | Bazaar   | Bought the ring of Zin's Approval {+Fly AC+4 Str+4} for 642
                  | gold pieces
 40223 | D:14     | Got a faintly glowing glaive
 40224 | D:14     | Identified the +1 glaive "Eplaph" {flame, rElec rPois Int-5
                  | SInv} (You found it on level 14 of the Dungeon)
 40300 | D:15     | Entered Level 15 of the Dungeon
 40399 | D:15     | Found a flickering gateway to a bazaar.
 40440 | Bazaar   | Entered a bazaar
 40443 | Bazaar   | Found Rabihus's Weapon Shoppe.
 40454 | Bazaar   | Found Biudog's General Store.
 40460 | Bazaar   | Found Itzautty's Book Emporium.
 40465 | Bazaar   | Found Saozihan's Assorted Antiques.
 40500 | Bazaar   | Found Zuumole's Weapon Shop.
 40523 | Bazaar   | Learned a level 5 spell: Lightning Bolt
 40686 | D:15     | Reached XP level 19. HP: 70/135 MP: 19/35
 41062 | D:15     | Found a staircase to the Depths.
 43554 | Vaults:2 | Found a staircase to the Crypt.
 43554 | Vaults:2 | Found a basalt altar of Yredelemnul.
 43555 | Vaults:2 | Found an ancient bone altar of Kikubaaqudgha.
 44707 | Vaults:3 | You fall into a shaft and drop 1 floor!
 44837 | Vaults:4 | Found a runed translucent gate.
 44837 | Vaults:4 | Found a runed translucent gate.
 44837 | Vaults:4 | Found a runed translucent gate.
 44838 | Vaults:4 | Found an opulent altar of Gozag.
 44839 | Vaults:4 | Found Otwethuota's Assorted Antiques.
 44839 | Vaults:4 | Noticed christhawk's ghost (adept MiHu)
 44839 | Vaults:4 | Noticed a tentacled monstrosity
 45114 | Vaults:3 | Killed from afar by a titan

Illustrated notes

Levels and vault maps discovered:
D:1:      enne_arrival_octagon_isle, layout_loops_ring, minmay_pentomino_p4
D:2:      layout_loops_ring
D:3:      layout_basic, uniq_natasha, uniq_crazy_yiuf_cottage, uniq_jessica
D:4:      layout_rooms, okawaru_ov_weapons_minmay,
          minmay_temple_entry_statues_pillars, serial_shops,
          nicolae_shop_behind_doors, portal_sewer_entry_d, serial_glass,
          glass_columns_a, glass_columns_b, glass_columns_a, glass_columns_a,
          glass_columns_b, glass_columns_c, glass_columns_b, glass_columns_b,
          glass_columns_b, glass_columns_a, glass_columns_c, glass_columns_a,
          glass_columns_b, glass_columns_a, grunt_decor_arrowhead,
          kennysheep_generic_room_2, uniq_ijyb, uniq_sigmund, uniq_pikel
D:5:      layout_rooms, bloody_trog
D:6:      layout_rooms, nemelex_xobeh_ov_fountains_minmay, serial_shops, shop,
          nicolae_shop_behind_doors, shop_fountains, kennysheep_mini_moat,
          serial_bayou_pond_b
D:7:      layout_basic, lemuel_crystal_altar, st_stairs_12
D:8:      layout_gridville, lair_entry_dummy, serial_shops, shop_coins,
          shop_statue, hangedman_decor_clover_reticule, uniq_maggie, uniq_erica
D:9:      kennysheep_kobold_camp, layout_basic, gammafunk_temple_overflow_claw,
          serial_curves, eino_curves_04, eino_curves_02
D:10:     layout_rooms, david_orc_3, uniq_psyche
D:11:     layout_basic, minmay_diamond_spiral
D:12:     layout_layer_cave, serial_shops, shop, minmay_misc_feat_doors
D:13:     layout_stronghold, grunt_vaults_entry_fortified, basic_altar,
          serial_shops, shop
D:14:     layout_cave_pools, nicolae_two_hexagons, serial_shops, freezing_bzr
D:15:     hangedman_depths_entry_civil_slaughter, layout_cross, serial_shops,
          bzr_entry_islet
Temple:   regret_index_temple_waves
Lair:1:   layout_hall_layers, uniq_gastronok, uniq_urug, uniq_fannar
Lair:2:   layout_regular_city, minmay_snake_entry_six_corridors,
          lemuel_fruit_tree, serial_bayou_shore_a, minmay_lair_oklob_chamber,
          grunt_megastairs_3
Lair:3:   layout_gridlike, minmay_swamp_entry_swarm, infiniplex_staircase_pool,
          grunt_megastairs_5
Lair:4:   layout_concentric_octagons, serial_bayou_shore_b
Lair:5:   layout_gridlike, serial_bayou_pond_b
Lair:6:   evilmike_catoblepas_cave, layout_gridlike,
          minmay_slime_entry_jelly_boxes
Swamp:1:  layout_falls_marsh, nicolae_swamp_orc_logging_accident
Swamp:2:  layout_basic_swamp, nicolae_swamp_triple_paths
Swamp:3:  layout_basic_swamp, evilmike_swamp_ruin_rubble_2, uniq_roxanne,
          uniq_donald
Swamp:4:  swamp_alternative, layout_basic_swamp, swamp_pool4, uniq_mara
Orc:1:    nicolae_orc_accident_3, layout_caves
Orc:2:    st_orc_town, layout_diamond_mine, serial_shops, nicolae_shop_stone,
          uniq_erolcha
Elf:1:    eino_elf_arrival_altar, layout_loops_cross, serial_shops, shop, shop,
          shop, shop_coins, shop_statue
Elf:2:    layout_geoelf_octagon, serial_shops, shop, guppyfry_elf_castle
Vaults:1: vaults_standard_mumra_lines, ontoclasm_vaults_spin,
          ontoclasm_vaults_loading_screen, vaults_room_pools, v_misc_26,
          nicolae_vaults_specimen_jars, ontoclasm_vaults_hangar,
          nicolae_vaults_disjoint_gnomons, vaults_room_grunt_arrival_ludios,
          vaults_room_grid, nicolae_vaults_mini_display_case,
          ontoclasm_vaults_loading_screen, ontoclasm_vaults_shuriken,
          ontoclasm_vaults_misaligned, grunt_vaults_hallway_short,
          layout_vaults_maze, nicolae_trove_entry_crystal
Vaults:2: hangedman_vaults_trim, nicolae_vaults_network_periphery, v_misc_8,
          minmay_crypt_entry_necro_gods, grunt_vaults_bifocal, v_rooms_3,
          v_misc_9, vaults_room_fours, v_misc_2, ontoclasm_vaults_twist,
          layout_vaults_chaotic_city
Vaults:3: vaults_room_fancy_cross, hangedman_vaults_corner, v_misc_9, v_misc_3,
          hangedman_vaults_pinch, ontoclasm_vaults_claustrophobia, v_rooms_1,
          v_misc_14, v_alt_pattern_5, nicolae_vaults_quartermaster,
          layout_vaults_omnibox
Vaults:4: ebering_vaults_ghost_gozag, vaults_room_fours, layout_vaults_omnigrid,
          uniq_xtahua

Skill      XL: |  1  2  3  4  5  6  7  8  9 10 11 12 13 14 15 16 17 18 19 |
---------------+----------------------------------------------------------+-----
Invocations    | 1 2 3 4 5 6 7 8 9 10 11 12 13 14 | 14.0
Short Blades   | 1 2 3 4 5 6 7 8 9 10 11 12 13 | 13.0
Long Blades    | 1 2 3 4 5 6 7 8 9 10 11 12 13 | 13.0
Maces & Flails | 1 2 3 4 5 6 7 8 9 10 11 12 13 | 13.0
Polearms       | 1 2 3 4 5 6 7 8 9 10 11 12 13 | 13.0
Staves         | 1 2 3 4 5 6 7 8 9 10 11 12 13 | 13.0
Slings         | 1 2 3 4 5 6 7 8 9 10 11 12 13 | 13.0
Bows           | 1 2 3 4 5 6 7 8 9 10 11 12 13 | 13.0
Crossbows      | 1 2 3 4 5 6 7 8 9 10 11 12 13 | 13.0
Throwing       | 1 2 3 4 5 6 7 8 9 10 11 12 13 | 13.0
Dodging        | 1 2 3 4 5 6 7 8 9 10 11 12 13 | 13.0
Stealth        | 1 2 3 4 5 6 7 8 9 10 11 12 13 | 13.0
Unarmed Combat | 1 2 3 4 5 6 7 8 9 10 11 12 13 | 13.0
Spellcasting   | 1 2 3 4 5 6 7 8 9 10 11 12 13 | 13.0
Evocations     | 1 2 3 4 5 6 7 8 9 10 11 12 13 | 13.0
Conjurations   | 1 2 3 4 5 6 7 8 9 10 11 | 11.2
Hexes          | 1 2 3 4 5 6 7 8 9 10 11 | 11.2
Summonings     | 1 2 3 4 5 6 7 8 9 10 11 | 11.2
Necromancy     | 1 2 3 4 5 6 7 8 9 10 11 | 11.2
Translocations | 1 2 3 4 5 6 7 8 9 10 11 | 11.2
Transmutations | 1 2 3 4 5 6 7 8 9 10 11 | 11.2
Fire Magic     | 1 2 3 4 5 6 7 8 9 10 11 | 11.2
Ice Magic      | 1 2 3 4 5 6 7 8 9 10 11 | 11.2
Air Magic      | 1 2 3 4 5 6 7 8 9 10 11 | 11.2
Earth Magic    | 1 2 3 4 5 6 7 8 9 10 11 | 11.2
Poison Magic   | 1 2 3 4 5 6 7 8 9 10 11 | 11.2
Axes           | 5 6 7 8 9 10 11 12 13 | 13.6
Fighting       | 7 8 9 10 11 12 13 14 | 14.2
Armour         | 7 8 9 10 11 12 13 14 | 14.2
Shields        | 7 8 9 10 11 12 13 14 | 14.2

Action                   |  1- 3 |  4- 6 |  7- 9 | 10-12 | 13-15 | 16-18 | 19-21 || total
-------------------------+-------+-------+-------+-------+-------+-------+-------++-------
Melee: War axe           |    68 |   140 |   345 |   554 |   267 |       |    35 ||  1409
       Bite              |     4 |    17 |    43 |   103 |   220 |   297 |   101 ||   785
       Flail             |       |       |       |     8 |    31 |    28 |       ||    67
       Hand axe          |       |       |       |       |  1069 |  1810 |   449 ||  3328
 Cast: Pain              |       |       |       |    11 |     5 |     2 |       ||    18
       Slow              |       |       |       |    12 |    14 |       |       ||    26
       Mephitic Cloud    |       |       |       |    19 |    26 |     9 |       ||    54
       Blink             |       |       |       |     9 |    10 |     2 |       ||    21
       Agony             |       |       |       |       |    17 |     4 |     2 ||    23
       Lightning Bolt    |       |       |       |       |       |       |    17 ||    17
Invok: Ancestor Life: He |       |       |     1 |       |       |       |       ||     1
       Ancestor Identity |       |       |     1 |       |       |       |       ||     1
       Idealise          |       |       |       |       |     3 |     3 |       ||     6
       Recall Ancestor   |       |       |       |       |     2 |     3 |     3 ||     8
Evoke: Wand              |       |       |     1 |    35 |    33 |    19 |     4 ||    92
       Condenser vane    |       |       |       |       |     1 |     2 |       ||     3
  Use: Scroll            |       |     9 |    11 |     6 |    11 |    18 |     1 ||    56
       Potion            |       |       |     4 |     2 |     5 |    16 |     1 ||    28
 Stab: Distracted        |       |       |     2 |    15 |    22 |    31 |     3 ||    73
       Confused          |       |       |     1 |    28 |    40 |    28 |    37 ||   134
       Sleeping          |       |       |     1 |     4 |    16 |     1 |       ||    22
       Petrifying        |       |       |       |       |     1 |       |       ||     1
       Petrified         |       |       |       |       |     1 |       |       ||     1
       Paralysed         |       |       |       |       |    14 |    66 |    10 ||    90
Armor: Scale mail        |    22 |    60 |   165 |     7 |       |       |       ||   254
       Ring mail         |       |       |       |   204 |   219 |       |       ||   423
       Chain mail        |       |       |       |       |   170 |   552 |    94 ||   816
Dodge: Dodged            |    13 |    34 |   136 |   325 |   528 |   574 |   117 ||  1727
Block: Kite shield       |    42 |    63 |   209 |   357 |   698 |   851 |   199 ||  2419
       Reflection        |       |       |       |       |     1 |    84 |    31 ||   116
